Workbook

Sheet Chapter 5 Figures
C54: =YEAR(TODAY()) -> 2022

Sheet Fig 5.1
B2: Kathy Center
B3: Gross Potential Rental Revenue Calculation
B5: Total Leasable Square Feet | C5: 300000
B6: Average Annual Base Rent PSF | C6: 15
B8: Gross Potential Rental Revenue | C8: =C5*C6 -> 4500000

Sheet Fig 5.2
B2: Assumptions: | C2: Year 1 | D2: Year 2 | E2: Year 3 | F2: Year 4 | G2: Year 5
B3: Base Rent Year Over Year Growth | C3: 0 | D3: 0.02 | E3: 0.0493 | F3: 0.0225 | G3: 0.0067
B8: Fill in the blue-shaded cells by following the instructions underneath the Figure in the textbook.
B9: Kathy Center Cash Flow Statement
C11: Year 1 | D11: Year 2 | E11: Year 3 | F11: Year 4 | G11: Year 5
B12: OPERATING INCOME
B14: Rental Income:
B15: Gross Potential Rental Revenue

Sheet Fig 5.3
B2: Assumptions: | C2: Year 1 | D2: Year 2 | E2: Year 3 | F2: Year 4 | G2: Year 5
B3: Base Rent Year Over Year Growth | C3: 0 | D3: 0.02 | E3: 0.0493 | F3: 0.0225 | G3: 0.0067
B4: Vacancy Rate % GPR | C4: 0 | D4: 0.01 | E4: 0.015 | F4: 0.02 | G4: 0.03
B8: Fill in the blue-shaded cells by following the instructions underneath the Figure in the textbook.
B9: Kathy Center Cash Flow Statement
C11: Year 1 | D11: Year 2 | E11: Year 3 | F11: Year 4 | G11: Year 5
B12: OPERATING INCOME
B14: Rental Income:
B15: Gross Potential Rental Revenue | C15: ='Fig 5.2'!C15 -> 0 | D15: ='Fig 5.2'!D15 -> 0 | E15: ='Fig 5.2'!E15 -> 0 | F15: ='Fig 5.2'!F15 -> 0 | G15: ='Fig 5.2'!G15 -> 0
B16: Vacancy
B17: Net Base Rental Revenue

Sheet Fig 5.4
B2: Assumptions: | C2: Year 1 | D2: Year 2 | E2: Year 3 | F2: Year 4 | G2: Year 5
B3: Base Rent Year Over Year Growth | C3: 0 | D3: 0.02 | E3: 0.0493 | F3: 0.0225 | G3: 0.0067
B4: Vacancy Rate % GPR | C4: 0 | D4: 0.01 | E4: 0.015 | F4: 0.02 | G4: 0.03
B8: Fill in the blue-shaded cells by following the instructions underneath the Figure in the textbook.
B9: Kathy Center Cash Flow Statement
C11: Year 1 | D11: Year 2 | E11: Year 3 | F11: Year 4 | G11: Year 5
B12: OPERATING INCOME
B14: Rental Income:
B15: Gross Potential Rental Revenue | C15: ='Fig 5.3'!C15 -> 0 | D15: ='Fig 5.3'!D15 -> 0 | E15: ='Fig 5.3'!E15 -> 0 | F15: ='Fig 5.3'!F15 -> 0 | G15: ='Fig 5.3'!G15 -> 0
B16: Vacancy | C16: =C15*-C4 -> 0 | D16: =D15*-D4 -> 0 | E16: =E15*-E4 -> 0 | F16: =F15*-F4 -> 0 | G16: =G15*-G4 -> 0
B17: Net Base Rental Revenue | C17: =SUM(C15:C16) -> 0 | D17: =SUM(D15:D16) -> 0 | E17: =SUM(E15:E16) -> 0 | F17: =SUM(F15:F16) -> 0 | G17: =SUM(G15:G16) -> 0
B18: Percentage Rents
B19: Total Rental Income

Sheet Fig 5.5
B2: Assumptions: | C2: Year 1 | D2: Year 2 | E2: Year 3 | F2: Year 4 | G2: Year 5
B3: Base Rent Year Over Year Growth | C3: 0 | D3: 0.02 | E3: 0.0493 | F3: 0.0225 | G3: 0.0067
B4: Vacancy Rate % GPR | C4: 0 | D4: 0.01 | E4: 0.015 | F4: 0.02 | G4: 0.03
B8: Fill in the blue-shaded cells by following the instructions underneath the Figure in the textbook.
B9: Kathy Center Cash Flow Statement
C11: Year 1 | D11: Year 2 | E11: Year 3 | F11: Year 4 | G11: Year 5
B12: OPERATING INCOME
B14: Rental Income:
B15: Gross Potential Rental Revenue | C15: ='Fig 5.4'!C15 -> 0 | D15: ='Fig 5.4'!D15 -> 0 | E15: ='Fig 5.4'!E15 -> 0 | F15: ='Fig 5.4'!F15 -> 0 | G15: ='Fig 5.4'!G15 -> 0
B16: Vacancy | C16: =C15*-C4 -> 0 | D16: =D15*-D4 -> 0 | E16: =E15*-E4 -> 0 | F16: =F15*-F4 -> 0 | G16: =G15*-G4 -> 0
B17: Net Base Rental Revenue | C17: =SUM(C15:C16) -> 0 | D17: =SUM(D15:D16) -> 0 | E17: =SUM(E15:E16) -> 0 | F17: =SUM(F15:F16) -> 0 | G17: =SUM(G15:G16) -> 0
B18: Percentage Rents | C18: ='Fig 5.4'!C18 -> 0 | D18: ='Fig 5.4'!D18 -> 0 | E18: ='Fig 5.4'!E18 -> 0 | F18: ='Fig 5.4'!F18 -> 0 | G18: ='Fig 5.4'!G18 -> 0
B19: Total Rental Income | C19: =SUM(C17:C18) -> 0 | D19: =SUM(D17:D18) -> 0 | E19: =SUM(E17:E18) -> 0 | F19: =SUM(F17:F18) -> 0 | G19: =SUM(G17:G18) -> 0
B21: Expense Reimbursements:
B22: CAM Billings
B23: Property Tax Billings

Sheet Fig 5.6
B2: Assumptions: | C2: Year 1 | D2: Year 2 | E2: Year 3 | F2: Year 4 | G2: Year 5
B3: Base Rent Year Over Year Growth | C3: 0 | D3: 0.02 | E3: 0.0493 | F3: 0.0225 | G3: 0.0067
B4: Vacancy Rate % GPR | C4: 0 | D4: 0.01 | E4: 0.015 | F4: 0.02 | G4: 0.03
B8: Fill in the blue-shaded cells by following the instructions underneath the Figure in the textbook.
B9: Kathy Center Cash Flow Statement
C11: Year 1 | D11: Year 2 | E11: Year 3 | F11: Year 4 | G11: Year 5
B12: OPERATING INCOME
B14: Rental Income:
B15: Gross Potential Rental Revenue | C15: ='Fig 5.5'!C15 -> 0 | D15: ='Fig 5.5'!D15 -> 0 | E15: ='Fig 5.5'!E15 -> 0 | F15: ='Fig 5.5'!F15 -> 0 | G15: ='Fig 5.5'!G15 -> 0
B16: Vacancy | C16: =C15*-C4 -> 0 | D16: =D15*-D4 -> 0 | E16: =E15*-E4 -> 0 | F16: =F15*-F4 -> 0 | G16: =G15*-G4 -> 0
B17: Net Base Rental Revenue | C17: =C15+C16 -> 0 | D17: =D15+D16 -> 0 | E17: =E15+E16 -> 0 | F17: =F15+F16 -> 0 | G17: =G15+G16 -> 0
B18: Percentage Rents | C18: ='Fig 5.5'!C18 -> 0 | D18: ='Fig 5.5'!D18 -> 0 | E18: ='Fig 5.5'!E18 -> 0 | F18: ='Fig 5.5'!F18 -> 0 | G18: ='Fig 5.5'!G18 -> 0
B19: Total Rental Income | C19: =SUM(C17:C18) -> 0 | D19: =SUM(D17:D18) -> 0 | E19: =SUM(E17:E18) -> 0 | F19: =SUM(F17:F18) -> 0 | G19: =SUM(G17:G18) -> 0
B21: Expense Reimbursements:
B22: CAM Billings | C22: ='Fig 5.5'!C22 -> 0 | D22: ='Fig 5.5'!D22 -> 0 | E22: ='Fig 5.5'!E22 -> 0 | F22: ='Fig 5.5'!F22 -> 0 | G22: ='Fig 5.5'!G22 -> 0
B23: Property Tax Billings | C23: ='Fig 5.5'!C23 -> 0 | D23: ='Fig 5.5'!D23 -> 0 | E23: ='Fig 5.5'!E23 -> 0 | F23: ='Fig 5.5'!F23 -> 0 | G23: ='Fig 5.5'!G23 -> 0
B25: Ancillary Income
B27: Gross Income

Sheet Fig 5.7
B2: Assumptions: | C2: Year 1 | D2: Year 2 | E2: Year 3 | F2: Year 4 | G2: Year 5
B3: Base Rent Year Over Year Growth | C3: 0 | D3: 0.02 | E3: 0.0493 | F3: 0.0225 | G3: 0.0067
B4: Vacancy Rate % GPR | C4: 0 | D4: 0.01 | E4: 0.015 | F4: 0.02 | G4: 0.03
B5: Credit Loss % Gross Income | C5: 0.01 | D5: 0.01 | E5: 0.01 | F5: 0.01 | G5: 0.01
B8: Fill in the blue-shaded cells by following the instructions underneath the Figure in the textbook.
B9: Kathy Center Cash Flow Statement
C11: Year 1 | D11: Year 2 | E11: Year 3 | F11: Year 4 | G11: Year 5
B12: OPERATING INCOME
B14: Rental Income:
B15: Gross Potential Rental Revenue | C15: ='Fig 5.6'!C15 -> 0 | D15: ='Fig 5.6'!D15 -> 0 | E15: ='Fig 5.6'!E15 -> 0 | F15: ='Fig 5.6'!F15 -> 0 | G15: ='Fig 5.6'!G15 -> 0
B16: Vacancy | C16: =C15*-C4 -> 0 | D16: =D15*-D4 -> 0 | E16: =E15*-E4 -> 0 | F16: =F15*-F4 -> 0 | G16: =G15*-G4 -> 0
B17: Net Base Rental Revenue | C17: =C15+C16 -> 0 | D17: =D15+D16 -> 0 | E17: =E15+E16 -> 0 | F17: =F15+F16 -> 0 | G17: =G15+G16 -> 0
B18: Percentage Rents | C18: ='Fig 5.6'!C18 -> 0 | D18: ='Fig 5.6'!D18 -> 0 | E18: ='Fig 5.6'!E18 -> 0 | F18: ='Fig 5.6'!F18 -> 0 | G18: ='Fig 5.6'!G18 -> 0
B19: Total Rental Income | C19: =SUM(C17:C18) -> 0 | D19: =SUM(D17:D18) -> 0 | E19: =SUM(E17:E18) -> 0 | F19: =SUM(F17:F18) -> 0 | G19: =SUM(G17:G18) -> 0
B21: Expense Reimbursements:
B22: CAM Billings | C22: ='Fig 5.6'!C22 -> 0 | D22: ='Fig 5.6'!D22 -> 0 | E22: ='Fig 5.6'!E22 -> 0 | F22: ='Fig 5.6'!F22 -> 0 | G22: ='Fig 5.6'!G22 -> 0
B23: Property Tax Billings | C23: ='Fig 5.6'!C23 -> 0 | D23: ='Fig 5.6'!D23 -> 0 | E23: ='Fig 5.6'!E23 -> 0 | F23: ='Fig 5.6'!F23 -> 0 | G23: ='Fig 5.6'!G23 -> 0
B25: Ancillary Income | C25: ='Fig 5.6'!C25 -> 0 | D25: ='Fig 5.6'!D25 -> 0 | E25: ='Fig 5.6'!E25 -> 0 | F25: ='Fig 5.6'!F25 -> 0 | G25: ='Fig 5.6'!G25 -> 0
B27: Gross Income | C27: =C19+C22+C23+C25 -> 0 | D27: =D19+D22+D23+D25 -> 0 | E27: =E19+E22+E23+E25 -> 0 | F27: =F19+F22+F23+F25 -> 0 | G27: =G19+G22+G23+G25 -> 0
B28: Credit Loss
B29: Total Operating Income

Sheet Fig 5.8
B2: Assumptions: | C2: Year 1 | D2: Year 2 | E2: Year 3 | F2: Year 4 | G2: Year 5
B3: Base Rent Year Over Year Growth | C3: 0 | D3: 0.02 | E3: 0.0493 | F3: 0.0225 | G3: 0.0067
B4: Vacancy Rate % GPR | C4: 0 | D4: 0.01 | E4: 0.015 | F4: 0.02 | G4: 0.03
B5: Credit Loss % Gross Income | C5: 0.01 | D5: 0.01 | E5: 0.01 | F5: 0.01 | G5: 0.01
B6: Expense Year Over Year Growth | C6: 0 | D6: 0.04 | E6: 0.04 | F6: 0.04 | G6: 0.04
B8: Fill in the blue-shaded cells by following the instructions underneath the Figure in the textbook.
B9: Kathy Center Cash Flow Statement
C11: Year 1 | D11: Year 2 | E11: Year 3 | F11: Year 4 | G11: Year 5
B12: OPERATING INCOME
B14: Rental Income:
B15: Gross Potential Rental Revenue | C15: ='Fig 5.7'!C15 -> 0 | D15: ='Fig 5.7'!D15 -> 0 | E15: ='Fig 5.7'!E15 -> 0 | F15: ='Fig 5.7'!F15 -> 0 | G15: ='Fig 5.7'!G15 -> 0
B16: Vacancy | C16: =C15*-C4 -> 0 | D16: =D15*-D4 -> 0 | E16: =E15*-E4 -> 0 | F16: =F15*-F4 -> 0 | G16: =G15*-G4 -> 0
B17: Net Base Rental Revenue | C17: =C15+C16 -> 0 | D17: =D15+D16 -> 0 | E17: =E15+E16 -> 0 | F17: =F15+F16 -> 0 | G17: =G15+G16 -> 0
B18: Percentage Rents | C18: ='Fig 5.7'!C18 -> 0 | D18: ='Fig 5.7'!D18 -> 0 | E18: ='Fig 5.7'!E18 -> 0 | F18: ='Fig 5.7'!F18 -> 0 | G18: ='Fig 5.7'!G18 -> 0
B19: Total Rental Income | C19: =SUM(C17:C18) -> 0 | D19: =SUM(D17:D18) -> 0 | E19: =SUM(E17:E18) -> 0 | F19: =SUM(F17:F18) -> 0 | G19: =SUM(G17:G18) -> 0
B21: Expense Reimbursements:
B22: CAM Billings | C22: ='Fig 5.7'!C22 -> 0 | D22: ='Fig 5.7'!D22 -> 0 | E22: ='Fig 5.7'!E22 -> 0 | F22: ='Fig 5.7'!F22 -> 0 | G22: ='Fig 5.7'!G22 -> 0
B23: Property Tax Billings | C23: ='Fig 5.7'!C23 -> 0 | D23: ='Fig 5.7'!D23 -> 0 | E23: ='Fig 5.7'!E23 -> 0 | F23: ='Fig 5.7'!F23 -> 0 | G23: ='Fig 5.7'!G23 -> 0
B25: Ancillary Income | C25: ='Fig 5.7'!C25 -> 0 | D25: ='Fig 5.7'!D25 -> 0 | E25: ='Fig 5.7'!E25 -> 0 | F25: ='Fig 5.7'!F25 -> 0 | G25: ='Fig 5.7'!G25 -> 0
B27: Gross Income | C27: =C19+C22+C23+C25 -> 0 | D27: =D19+D22+D23+D25 -> 0 | E27: =E19+E22+E23+E25 -> 0 | F27: =F19+F22+F23+F25 -> 0 | G27: =G19+G22+G23+G25 -> 0
B28: Credit Loss | C28: =C27*-C5 -> 0 | D28: =D27*-D5 -> 0 | E28: =E27*-E5 -> 0 | F28: =F27*-F5 -> 0 | G28: =G27*-G5 -> 0
B29: Total Operating Income | C29: =SUM(C27:C28) -> 0 | D29: =SUM(D27:D28) -> 0 | E29: =SUM(E27:E28) -> 0 | F29: =SUM(F27:F28) -> 0 | G29: =SUM(G27:G28) -> 0
B32: OPERATING EXPENSES
B34: Reimbursable Expenses:
B35: Common Area Maintenance
B36: Property Taxes
B38: Made positive for graphing:
B39: Total Reimbursed | C39: =SUM(C22:C23) -> 0 | D39: =SUM(D22:D23) -> 0 | E39: =SUM(E22:E23) -> 0 | F39: =SUM(F22:F23) -> 0 | G39: =SUM(G22:G23) -> 0
B40: Total Reimbursable | C40: =-SUM(C35:C36) -> 0 | D40: =-SUM(D35:D36) -> 0 | E40: =-SUM(E35:E36) -> 0 | F40: =-SUM(F35:F36) -> 0 | G40: =-SUM(G35:G36) -> 0

Sheet Fig 5.9
B2: Assumptions: | C2: Year 1 | D2: Year 2 | E2: Year 3 | F2: Year 4 | G2: Year 5
B3: Base Rent Year Over Year Growth | C3: 0 | D3: 0.02 | E3: 0.0493 | F3: 0.0225 | G3: 0.0067
B4: Vacancy Rate % GPR | C4: 0 | D4: 0.01 | E4: 0.015 | F4: 0.02 | G4: 0.03
B5: Credit Loss % Gross Income | C5: 0.01 | D5: 0.01 | E5: 0.01 | F5: 0.01 | G5: 0.01
B6: Expense Year Over Year Growth | C6: 0 | D6: 0.04 | E6: 0.04 | F6: 0.04 | G6: 0.04
B7: Management Fee % Reimbursables | C7: 0.1 | D7: 0.1 | E7: 0.1 | F7: 0.1 | G7: 0.1
B8: Fill in the blue-shaded cells by following the instructions underneath the Figure in the textbook.
B9: Kathy Center Cash Flow Statement
C11: Year 1 | D11: Year 2 | E11: Year 3 | F11: Year 4 | G11: Year 5
B12: OPERATING INCOME
B14: Rental Income:
B15: Gross Potential Rental Revenue | C15: ='Fig 5.8'!C15 -> 0 | D15: ='Fig 5.8'!D15 -> 0 | E15: ='Fig 5.8'!E15 -> 0 | F15: ='Fig 5.8'!F15 -> 0 | G15: ='Fig 5.8'!G15 -> 0
B16: Vacancy | C16: =C15*-C4 -> 0 | D16: =D15*-D4 -> 0 | E16: =E15*-E4 -> 0 | F16: =F15*-F4 -> 0 | G16: =G15*-G4 -> 0
B17: Net Base Rental Revenue | C17: =C15+C16 -> 0 | D17: =D15+D16 -> 0 | E17: =E15+E16 -> 0 | F17: =F15+F16 -> 0 | G17: =G15+G16 -> 0
B18: Percentage Rents | C18: ='Fig 5.8'!C18 -> 0 | D18: ='Fig 5.8'!D18 -> 0 | E18: ='Fig 5.8'!E18 -> 0 | F18: ='Fig 5.8'!F18 -> 0 | G18: ='Fig 5.8'!G18 -> 0
B19: Total Rental Income | C19: =SUM(C17:C18) -> 0 | D19: =SUM(D17:D18) -> 0 | E19: =SUM(E17:E18) -> 0 | F19: =SUM(F17:F18) -> 0 | G19: =SUM(G17:G18) -> 0
B21: Expense Reimbursements:
B22: CAM Billings | C22: ='Fig 5.8'!C22 -> 0 | D22: ='Fig 5.8'!D22 -> 0 | E22: ='Fig 5.8'!E22 -> 0 | F22: ='Fig 5.8'!F22 -> 0 | G22: ='Fig 5.8'!G22 -> 0
B23: Property Tax Billings | C23: ='Fig 5.8'!C23 -> 0 | D23: ='Fig 5.8'!D23 -> 0 | E23: ='Fig 5.8'!E23 -> 0 | F23: ='Fig 5.8'!F23 -> 0 | G23: ='Fig 5.8'!G23 -> 0
B25: Ancillary Income | C25: ='Fig 5.8'!C25 -> 0 | D25: ='Fig 5.8'!D25 -> 0 | E25: ='Fig 5.8'!E25 -> 0 | F25: ='Fig 5.8'!F25 -> 0 | G25: ='Fig 5.8'!G25 -> 0
B27: Gross Income | C27: =C19+C22+C23+C25 -> 0 | D27: =D19+D22+D23+D25 -> 0 | E27: =E19+E22+E23+E25 -> 0 | F27: =F19+F22+F23+F25 -> 0 | G27: =G19+G22+G23+G25 -> 0
B28: Credit Loss | C28: =C27*-C5 -> 0 | D28: =D27*-D5 -> 0 | E28: =E27*-E5 -> 0 | F28: =F27*-F5 -> 0 | G28: =G27*-G5 -> 0
B29: Total Operating Income | C29: =SUM(C27:C28) -> 0 | D29: =SUM(D27:D28) -> 0 | E29: =SUM(E27:E28) -> 0 | F29: =SUM(F27:F28) -> 0 | G29: =SUM(G27:G28) -> 0
B31: OPERATING EXPENSES
B33: Reimbursable Expenses:
B34: Common Area Maintenance | C34: ='Fig 5.8'!C35 -> 0 | D34: ='Fig 5.8'!D35 -> 0 | E34: ='Fig 5.8'!E35 -> 0 | F34: ='Fig 5.8'!F35 -> 0 | G34: ='Fig 5.8'!G35 -> 0
B35: Property Taxes | C35: ='Fig 5.8'!C36 -> 0 | D35: ='Fig 5.8'!D36 -> 0 | E35: ='Fig 5.8'!E36 -> 0 | F35: ='Fig 5.8'!F36 -> 0 | G35: ='Fig 5.8'!G36 -> 0
B37: Non-Reimbursable Expenses:
B38: Insurance
B39: Utilities
B40: Management
B42: Total Operating Expenses
B44: Made positive for graphing:
B45: Total Reimbursed | C45: =SUM(C22:C23) -> 0 | D45: =SUM(D22:D23) -> 0 | E45: =SUM(E22:E23) -> 0 | F45: =SUM(F22:F23) -> 0 | G45: =SUM(G22:G23) -> 0
B46: Total Reimbursable | C46: =-SUM(C34:C35) -> 0 | D46: =-SUM(D34:D35) -> 0 | E46: =-SUM(E34:E35) -> 0 | F46: =-SUM(F34:F35) -> 0 | G46: =-SUM(G34:G35) -> 0
B47: Total Operating Expenses | C47: =-C42 -> 0 | D47: =-D42 -> 0 | E47: =-E42 -> 0 | F47: =-F42 -> 0 | G47: =-G42 -> 0

Sheet Fig 5.10
B2: Assumptions: | C2: Year 1 | D2: Year 2 | E2: Year 3 | F2: Year 4 | G2: Year 5
B3: Base Rent Year Over Year Growth | C3: 0 | D3: 0.02 | E3: 0.0493 | F3: 0.0225 | G3: 0.0067
B4: Vacancy Rate % GPR | C4: 0 | D4: 0.01 | E4: 0.015 | F4: 0.02 | G4: 0.03
B5: Credit Loss % Gross Income | C5: 0.01 | D5: 0.01 | E5: 0.01 | F5: 0.01 | G5: 0.01
B6: Expense Year Over Year Growth | C6: 0 | D6: 0.04 | E6: 0.04 | F6: 0.04 | G6: 0.04
B7: Management Fee % Reimbursables | C7: 0.1 | D7: 0.1 | E7: 0.1 | F7: 0.1 | G7: 0.1
B8: Fill in the blue-shaded cells by following the instructions underneath the Figure in the textbook.
B9: Kathy Center Cash Flow Statement
C11: Year 1 | D11: Year 2 | E11: Year 3 | F11: Year 4 | G11: Year 5
B12: OPERATING INCOME
B14: Rental Income:
B15: Gross Potential Rental Revenue | C15: ='Fig 5.9'!C15 -> 0 | D15: ='Fig 5.9'!D15 -> 0 | E15: ='Fig 5.9'!E15 -> 0 | F15: ='Fig 5.9'!F15 -> 0 | G15: ='Fig 5.9'!G15 -> 0
B16: Vacancy | C16: =C15*-C4 -> 0 | D16: =D15*-D4 -> 0 | E16: =E15*-E4 -> 0 | F16: =F15*-F4 -> 0 | G16: =G15*-G4 -> 0
B17: Net Base Rental Revenue | C17: =C15+C16 -> 0 | D17: =D15+D16 -> 0 | E17: =E15+E16 -> 0 | F17: =F15+F16 -> 0 | G17: =G15+G16 -> 0
B18: Percentage Rents | C18: ='Fig 5.9'!C18 -> 0 | D18: ='Fig 5.9'!D18 -> 0 | E18: ='Fig 5.9'!E18 -> 0 | F18: ='Fig 5.9'!F18 -> 0 | G18: ='Fig 5.9'!G18 -> 0
B19: Total Rental Income | C19: =SUM(C17:C18) -> 0 | D19: =SUM(D17:D18) -> 0 | E19: =SUM(E17:E18) -> 0 | F19: =SUM(F17:F18) -> 0 | G19: =SUM(G17:G18) -> 0
B21: Expense Reimbursements:
B22: CAM Billings | C22: ='Fig 5.9'!C22 -> 0 | D22: ='Fig 5.9'!D22 -> 0 | E22: ='Fig 5.9'!E22 -> 0 | F22: ='Fig 5.9'!F22 -> 0 | G22: ='Fig 5.9'!G22 -> 0
B23: Property Tax Billings | C23: ='Fig 5.9'!C23 -> 0 | D23: ='Fig 5.9'!D23 -> 0 | E23: ='Fig 5.9'!E23 -> 0 | F23: ='Fig 5.9'!F23 -> 0 | G23: ='Fig 5.9'!G23 -> 0
B25: Ancillary Income | C25: ='Fig 5.9'!C25 -> 0 | D25: ='Fig 5.9'!D25 -> 0 | E25: ='Fig 5.9'!E25 -> 0 | F25: ='Fig 5.9'!F25 -> 0 | G25: ='Fig 5.9'!G25 -> 0
B27: Gross Income | C27: =C19+C22+C23+C25 -> 0 | D27: =D19+D22+D23+D25 -> 0 | E27: =E19+E22+E23+E25 -> 0 | F27: =F19+F22+F23+F25 -> 0 | G27: =G19+G22+G23+G25 -> 0
B28: Credit Loss | C28: =C27*-C5 -> 0 | D28: =D27*-D5 -> 0 | E28: =E27*-E5 -> 0 | F28: =F27*-F5 -> 0 | G28: =G27*-G5 -> 0
B29: Total Operating Income | C29: =SUM(C27:C28) -> 0 | D29: =SUM(D27:D28) -> 0 | E29: =SUM(E27:E28) -> 0 | F29: =SUM(F27:F28) -> 0 | G29: =SUM(G27:G28) -> 0
B31: OPERATING EXPENSES
B33: Reimbursable Expenses:
B34: Common Area Maintenance | C34: =-C22 -> 0 | D34: =C34*(1+D6) -> 0 | E34: =D34*(1+E6) -> 0 | F34: =E34*(1+F6) -> 0 | G34: =F34*(1+G6) -> 0
B35: Property Taxes | C35: =-C23 -> 0 | D35: =C35*(1+D6) -> 0 | E35: =D35*(1+E6) -> 0 | F35: =E35*(1+F6) -> 0 | G35: =F35*(1+G6) -> 0
B37: Non-Reimbursable Expenses:
B38: Insurance | C38: ='Fig 5.9'!C38 -> 0 | D38: ='Fig 5.9'!D38 -> 0 | E38: ='Fig 5.9'!E38 -> 0 | F38: ='Fig 5.9'!F38 -> 0 | G38: ='Fig 5.9'!G38 -> 0
B39: Utilities | C39: ='Fig 5.9'!C39 -> 0 | D39: ='Fig 5.9'!D39 -> 0 | E39: ='Fig 5.9'!E39 -> 0 | F39: ='Fig 5.9'!F39 -> 0 | G39: ='Fig 5.9'!G39 -> 0
B40: Management | C40: =C7*(SUM(C34:C35)) -> 0 | D40: =D7*(SUM(D34:D35)) -> 0 | E40: =E7*(SUM(E34:E35)) -> 0 | F40: =F7*(SUM(F34:F35)) -> 0 | G40: =G7*(SUM(G34:G35)) -> 0
B42: Total Operating Expenses | C42: =SUM(C34:C35)+SUM(C38:C40) -> 0 | D42: =SUM(D34:D35)+SUM(D38:D40) -> 0 | E42: =SUM(E34:E35)+SUM(E38:E40) -> 0 | F42: =SUM(F34:F35)+SUM(F38:F40) -> 0 | G42: =SUM(G34:G35)+SUM(G38:G40) -> 0
B44: Net Operating Income (NOI)

Sheet Fig 5.11
B2: Assumptions: | C2: Year 1 | D2: Year 2 | E2: Year 3 | F2: Year 4 | G2: Year 5
B3: Base Rent Year Over Year Growth | C3: 0 | D3: 0.02 | E3: 0.0493 | F3: 0.0225 | G3: 0.0067
B4: Vacancy Rate % GPR | C4: 0 | D4: 0.01 | E4: 0.015 | F4: 0.02 | G4: 0.03
B5: Credit Loss % Gross Income | C5: 0.01 | D5: 0.01 | E5: 0.01 | F5: 0.01 | G5: 0.01
B6: Expense Year Over Year Growth | C6: 0 | D6: 0.04 | E6: 0.04 | F6: 0.04 | G6: 0.04
B7: Management Fee % Reimbursables | C7: 0.1 | D7: 0.1 | E7: 0.1 | F7: 0.1 | G7: 0.1
B8: Fill in the blue-shaded cells by following the instructions underneath the Figure in the textbook.
B9: Kathy Center Cash Flow Statement
C11: Year 1 | D11: Year 2 | E11: Year 3 | F11: Year 4 | G11: Year 5
B12: OPERATING INCOME
B14: Rental Income:
B15: Gross Potential Rental Revenue | C15: ='Fig 5.10'!C15 -> 0 | D15: ='Fig 5.10'!D15 -> 0 | E15: ='Fig 5.10'!E15 -> 0 | F15: ='Fig 5.10'!F15 -> 0 | G15: ='Fig 5.10'!G15 -> 0
B16: Vacancy | C16: =C15*-C4 -> 0 | D16: =D15*-D4 -> 0 | E16: =E15*-E4 -> 0 | F16: =F15*-F4 -> 0 | G16: =G15*-G4 -> 0
B17: Net Base Rental Revenue | C17: =C15+C16 -> 0 | D17: =D15+D16 -> 0 | E17: =E15+E16 -> 0 | F17: =F15+F16 -> 0 | G17: =G15+G16 -> 0
B18: Percentage Rents | C18: ='Fig 5.10'!C18 -> 0 | D18: ='Fig 5.10'!D18 -> 0 | E18: ='Fig 5.10'!E18 -> 0 | F18: ='Fig 5.10'!F18 -> 0 | G18: ='Fig 5.10'!G18 -> 0
B19: Total Rental Income | C19: =SUM(C17:C18) -> 0 | D19: =SUM(D17:D18) -> 0 | E19: =SUM(E17:E18) -> 0 | F19: =SUM(F17:F18) -> 0 | G19: =SUM(G17:G18) -> 0
B21: Expense Reimbursements:
B22: CAM Billings | C22: ='Fig 5.10'!C22 -> 0 | D22: ='Fig 5.10'!D22 -> 0 | E22: ='Fig 5.10'!E22 -> 0 | F22: ='Fig 5.10'!F22 -> 0 | G22: ='Fig 5.10'!G22 -> 0
B23: Property Tax Billings | C23: ='Fig 5.10'!C23 -> 0 | D23: ='Fig 5.10'!D23 -> 0 | E23: ='Fig 5.10'!E23 -> 0 | F23: ='Fig 5.10'!F23 -> 0 | G23: ='Fig 5.10'!G23 -> 0
B25: Ancillary Income | C25: ='Fig 5.10'!C25 -> 0 | D25: ='Fig 5.10'!D25 -> 0 | E25: ='Fig 5.10'!E25 -> 0 | F25: ='Fig 5.10'!F25 -> 0 | G25: ='Fig 5.10'!G25 -> 0
B27: Gross Income | C27: =C19+C22+C23+C25 -> 0 | D27: =D19+D22+D23+D25 -> 0 | E27: =E19+E22+E23+E25 -> 0 | F27: =F19+F22+F23+F25 -> 0 | G27: =G19+G22+G23+G25 -> 0
B28: Credit Loss | C28: =C27*-C5 -> 0 | D28: =D27*-D5 -> 0 | E28: =E27*-E5 -> 0 | F28: =F27*-F5 -> 0 | G28: =G27*-G5 -> 0
B29: Total Operating Income | C29: =SUM(C27:C28) -> 0 | D29: =SUM(D27:D28) -> 0 | E29: =SUM(E27:E28) -> 0 | F29: =SUM(F27:F28) -> 0 | G29: =SUM(G27:G28) -> 0
B31: OPERATING EXPENSES
B33: Reimbursable Expenses:
B34: Common Area Maintenance | C34: =-C22 -> 0 | D34: =C34*(1+D6) -> 0 | E34: =D34*(1+E6) -> 0 | F34: =E34*(1+F6) -> 0 | G34: =F34*(1+G6) -> 0
B35: Property Taxes | C35: =-C23 -> 0 | D35: =C35*(1+D6) -> 0 | E35: =D35*(1+E6) -> 0 | F35: =E35*(1+F6) -> 0 | G35: =F35*(1+G6) -> 0
B37: Non-Reimbursable Expenses:
B38: Insurance | C38: ='Fig 5.10'!C38 -> 0 | D38: ='Fig 5.10'!D38 -> 0 | E38: ='Fig 5.10'!E38 -> 0 | F38: ='Fig 5.10'!F38 -> 0 | G38: ='Fig 5.10'!G38 -> 0
B39: Utilities | C39: ='Fig 5.10'!C39 -> 0 | D39: ='Fig 5.10'!D39 -> 0 | E39: ='Fig 5.10'!E39 -> 0 | F39: ='Fig 5.10'!F39 -> 0 | G39: ='Fig 5.10'!G39 -> 0
B40: Management | C40: =C7*(SUM(C34:C35)) -> 0 | D40: =D7*(SUM(D34:D35)) -> 0 | E40: =E7*(SUM(E34:E35)) -> 0 | F40: =F7*(SUM(F34:F35)) -> 0 | G40: =G7*(SUM(G34:G35)) -> 0
B42: Total Operating Expenses | C42: =SUM(C34:C35)+SUM(C38:C40) -> 0 | D42: =SUM(D34:D35)+SUM(D38:D40) -> 0 | E42: =SUM(E34:E35)+SUM(E38:E40) -> 0 | F42: =SUM(F34:F35)+SUM(F38:F40) -> 0 | G42: =SUM(G34:G35)+SUM(G38:G40) -> 0
B44: Net Operating Income (NOI) | C44: =C29+C42 -> 0 | D44: =D29+D42 -> 0 | E44: =E29+E42 -> 0 | F44: =F29+F42 -> 0 | G44: =G29+G42 -> 0
B46: CAPITAL & LEASING COSTS
B48: Tenant Improvements
B49: Leasing Commissions
B50: Capital Expenditures
B52: Unlevered Cash Flow

Sheet Fig 5.12
B2: Assumptions:
B3: Depreciation
C4: Allocation | D4: Schedule
B5: Land | C5: 0.2 | D5: NA
B6: Structure | C6: 0.5 | D6: 39
B7: 7-year items | C7: 0.2 | D7: 7
B8: 3-year items | C8: 0.1 | D8: 3
C9: =SUM(C5:C8) -> 1
B10: Fill in the blue-shaded cells by following the instructions underneath the Figure in the textbook.
B11: Kathy Center Purchase Depreciation Schedule
B13: Purchase Information
B15: Purchase Price | C15: 48500000
B16: Depreciation Allocation Totals:
B17: =C5 -> 0.2
B18: =C6 -> 0.5
B19: =C7 -> 0.2
B20: =C8 -> 0.1
C22: Year 1 | D22: Year 2 | E22: Year 3 | F22: Year 4 | G22: Year 5
B24: Land
B25: Structure
B26: 7-year items
B27: 3-year items
B28: Depreciation from Purchase

Sheet Fig 5.13
B1: Assumption: | C1: Year of Sale (end of year) | D1: 5
B2: CAPITAL & LEASING COSTS | C2: Year 1 | D2: Year 2 | E2: Year 3 | F2: Year 4 | G2: Year 5
B4: Tenant Improvements | C4: -36200 | D4: -57629 | E4: -152145 | F4: -46696 | G4: -18629
B5: Leasing Commissions | C5: -12200 | D5: -41722 | E5: -107561 | F5: -25567 | G5: -18760
B6: Capital Expenditures | C6: -103400 | D6: -323565 | E6: -190919 | F6: -24947 | G6: -10975
B9: Fill in the blue-shaded cells by following the instructions underneath the Figure in the textbook.
B10: Depreciation Schedule Backup Detail | C10: 1 | D10: 2 | E10: 3 | F10: 4 | G10: 5 | H10: 6 | I10: 7 | J10: 8 | K10: 9 | L10: 10 | M10: 11
B12: TI Depreciation On | C12: 0.5 | E12: 7 | O12: =E12 -> 7 | P12: Check
B13: Year 1 TI Spend | O13: =-SUM(C13:M13) -> 0 | P13: =C4+O13 -> -36200
B14: Year 2 TI Spend | O14: =-SUM(C14:M14) -> 0 | P14: =D4+O14 -> -57629
B15: Year 3 TI Spend | O15: =-SUM(C15:M15) -> 0 | P15: =E4+O15 -> -152145
B16: Year 4 TI Spend | O16: =-SUM(C16:M16) -> 0 | P16: =F4+O16 -> -46696
B17: Year 5 TI Spend | O17: =-SUM(C17:M17) -> 0 | P17: =G4+O17 -> -18629
B18: Total TIs Depreciation | C18: =SUM(C13:C17)*IF(C10>$D$1,0,1) -> 0 | D18: =SUM(D13:D17)*IF(D10>$D$1,0,1) -> 0 | E18: =SUM(E13:E17)*IF(E10>$D$1,0,1) -> 0 | F18: =SUM(F13:F17)*IF(F10>$D$1,0,1) -> 0 | G18: =SUM(G13:G17)*IF(G10>$D$1,0,1) -> 0 | H18: =SUM(H13:H17)*IF(H10>$D$1,0,1) -> 0 | I18: =SUM(I13:I17)*IF(I10>$D$1,0,1) -> 0 | J18: =SUM(J13:J17)*IF(J10>$D$1,0,1) -> 0 | ... M18: =SUM(M13:M17)*IF(M10>$D$1,0,1) -> 0 | O18: =SUM(O13:O17) -> 0
B20: Capital Expenditures Depreciation On | E20: 7 | O20: =E20 -> 7 | P20: Check
B21: Year 1 Cap Ex Spend | O21: =-SUM(C21:M21) -> 0 | P21: =C6+O21 -> -103400
B22: Year 2 Cap Ex Spend | O22: =-SUM(C22:M22) -> 0 | P22: =D6+O22 -> -323565
B23: Year 3 Cap Ex Spend | O23: =-SUM(C23:M23) -> 0 | P23: =E6+O23 -> -190919
B24: Year 4 Cap Ex Spend | O24: =-SUM(C24:M24) -> 0 | P24: =F6+O24 -> -24947
B25: Year 5 Cap Ex Spend | O25: =-SUM(C25:M25) -> 0 | P25: =G6+O25 -> -10975
B26: Total Cap Ex Depreciation | C26: =SUM(C21:C25)*IF(C10>$D$1,0,1) -> 0 | D26: =SUM(D21:D25)*IF(D10>$D$1,0,1) -> 0 | E26: =SUM(E21:E25)*IF(E10>$D$1,0,1) -> 0 | F26: =SUM(F21:F25)*IF(F10>$D$1,0,1) -> 0 | G26: =SUM(G21:G25)*IF(G10>$D$1,0,1) -> 0 | H26: =SUM(H21:H25)*IF(H10>$D$1,0,1) -> 0 | I26: =SUM(I21:I25)*IF(I10>$D$1,0,1) -> 0 | J26: =SUM(J21:J25)*IF(J10>$D$1,0,1) -> 0 | ... M26: =SUM(M21:M25)*IF(M10>$D$1,0,1) -> 0 | O26: =SUM(O21:O25) -> 0
B28: Total Annual Depreciation Expense | C28: =C18+C26 -> 0 | D28: =D18+D26 -> 0 | E28: =E18+E26 -> 0 | F28: =F18+F26 -> 0 | G28: =G18+G26 -> 0 | H28: =H18+H26 -> 0 | I28: =I18+I26 -> 0 | J28: =J18+J26 -> 0 | ... M28: =M18+M26 -> 0 | O28: =-SUM(C28:M28) -> 0
B32: Kathy Center TIs and Cap Ex Depreciation Schedule
C34: Year 1 | D34: Year 2 | E34: Year 3 | F34: Year 4 | G34: Year 5
B36: Total TIs
B37: Cap Ex
B38: Depreciation from TIs and Cap Ex

Sheet Fig 5.14
B2: Assumptions:
B3: Depreciation
C4: Allocation | D4: Schedule
B5: Land | C5: 0.2 | D5: NA
B6: Structure | C6: 0.5 | D6: 39
B7: 7-year items | C7: 0.2 | D7: 7
B8: 3-year items | C8: 0.1 | D8: 3
C9: =SUM(C5:C8) -> 1
B11: Depreciation | C11: Year 1 | D11: Year 2 | E11: Year 3 | F11: Year 4 | G11: Year 5
B12: Total from TIs | C12: =-'Fig 5.13'!C36 -> 0 | D12: =-'Fig 5.13'!D36 -> 0 | E12: =-'Fig 5.13'!E36 -> 0 | F12: =-'Fig 5.13'!F36 -> 0 | G12: =-'Fig 5.13'!G36 -> 0
B13: Total from Cap Ex | C13: =-'Fig 5.13'!C37 -> 0 | D13: =-'Fig 5.13'!D37 -> 0 | E13: =-'Fig 5.13'!E37 -> 0 | F13: =-'Fig 5.13'!F37 -> 0 | G13: =-'Fig 5.13'!G37 -> 0
B14: Fill in the blue-shaded cells by following the instructions underneath the Figure in the textbook.
B15: Kathy Center Total Depreciation
B17: Purchase Information
B19: Purchase Price | C19: 48500000
B20: Percentage allocations
B21: Land (20%) | C21: =C19*C5 -> 9700000
B22: Structure (50%) | C22: =C19*C6 -> 24250000
B23: 7-year items (20%) | C23: =C19*C7 -> 9700000
B24: 3-year items (10%) | C24: =C19*C8 -> 4850000
C26: Year 1 | D26: Year 2 | E26: Year 3 | F26: Year 4 | G26: Year 5
B28: Land | C28: ='Fig 5.12'!C24 -> 0 | D28: ='Fig 5.12'!D24 -> 0 | E28: ='Fig 5.12'!E24 -> 0 | F28: ='Fig 5.12'!F24 -> 0 | G28: ='Fig 5.12'!G24 -> 0
B29: Structure | C29: ='Fig 5.12'!C25 -> 0 | D29: ='Fig 5.12'!D25 -> 0 | E29: ='Fig 5.12'!E25 -> 0 | F29: ='Fig 5.12'!F25 -> 0 | G29: ='Fig 5.12'!G25 -> 0
B30: 7-year items | C30: ='Fig 5.12'!C26 -> 0 | D30: ='Fig 5.12'!D26 -> 0 | E30: ='Fig 5.12'!E26 -> 0 | F30: ='Fig 5.12'!F26 -> 0 | G30: ='Fig 5.12'!G26 -> 0
B31: 3-year items | C31: ='Fig 5.12'!C27 -> 0 | D31: ='Fig 5.12'!D27 -> 0 | E31: ='Fig 5.12'!E27 -> 0 | F31: ='Fig 5.12'!F27 -> 0 | G31: ='Fig 5.12'!G27 -> 0
B32: Depreciation from Purchase | C32: ='Fig 5.12'!C28 -> 0 | D32: ='Fig 5.12'!D28 -> 0 | E32: ='Fig 5.12'!E28 -> 0 | F32: ='Fig 5.12'!F28 -> 0 | G32: ='Fig 5.12'!G28 -> 0
B33: Total from TIs | C33: ='Fig 5.13'!C36 -> 0 | D33: ='Fig 5.13'!D36 -> 0 | E33: ='Fig 5.13'!E36 -> 0 | F33: ='Fig 5.13'!F36 -> 0 | G33: ='Fig 5.13'!G36 -> 0
B34: Total from Cap Ex | C34: ='Fig 5.13'!C37 -> 0 | D34: ='Fig 5.13'!D37 -> 0 | E34: ='Fig 5.13'!E37 -> 0 | F34: ='Fig 5.13'!F37 -> 0 | G34: ='Fig 5.13'!G37 -> 0
B35: Total Depreciation

Sheet Fig 5.15
B2: Assumptions:
B3: Purchase Price | C3: 48500000
B4: LTV | C4: 0.8
B5: Debt | C5: =C3*C4 -> 38800000
B6: Equity | C6: =C3-C5 -> 9700000
B7: Interest Rate | C7: 0.05
B8: Loan Points | C8: 0.005 | D8: =C8*C5 -> 194000
B10: Fill in the blue-shaded cells by following the instructions underneath the Figure in the textbook.
B11: Kathy Center Before-Tax Levered Cash Flow
C13: Year 1 | D13: Year 2 | E13: Year 3 | F13: Year 4 | G13: Year 5
B15: Unlevered Cash Flow | C15: ='Fig 5.11'!C52 -> 0 | D15: ='Fig 5.11'!D52 -> 0 | E15: ='Fig 5.11'!E52 -> 0 | F15: ='Fig 5.11'!F52 -> 0 | G15: ='Fig 5.11'!G52 -> 0
B16: Debt Service
B17: Before-Tax Levered Cash Flow

Sheet Fig 5.16
B1: Assumption: | C1: Year of Sale (end of year) | D1: 5
B2: CAPITAL & LEASING COSTS | C2: Year 1 | D2: Year 2 | E2: Year 3 | F2: Year 4 | G2: Year 5
B4: Tenant Improvements | C4: -36200 | D4: -57629 | E4: -152145 | F4: -46696 | G4: -18629
B5: Leasing Commissions | C5: -12200 | D5: -41722 | E5: -107561 | F5: -25567 | G5: -18760
B6: Capital Expenditures | C6: -103400 | D6: -323565 | E6: -190919 | F6: -24947 | G6: -10975
B8: Depreciation Schedule Backup Detail | C8: 1 | D8: 2 | E8: 3 | F8: 4 | G8: 5 | H8: 6 | I8: 7 | J8: 8 | K8: 9 | L8: 10 | M8: 11
B10: TI Depreciation On | C10: 0.5 | E10: 7 | O10: =E10 -> 7 | P10: Check
B11: Year 1 TI Spend | C11: =$C$4*$C$10 -> -18100 | D11: =$C$11/($E$10-1) -> -3016.6667 | E11: =$C$11/($E$10-1) -> -3016.6667 | F11: =$C$11/($E$10-1) -> -3016.6667 | G11: =$C$11/($E$10-1) -> -3016.6667 | H11: =$C$11/($E$10-1) -> -3016.6667 | I11: =$C$11/($E$10-1) -> -3016.6667 | O11: =-SUM(C11:M11) -> 36200 | P11: =C4+O11 -> 0
B12: Year 2 TI Spend | D12: =$D$4*$C$10 -> -28814.5 | E12: =$D$12/($E$10-1) -> -4802.4167 | F12: =$D$12/($E$10-1) -> -4802.4167 | G12: =$D$12/($E$10-1) -> -4802.4167 | H12: =$D$12/($E$10-1) -> -4802.4167 | I12: =$D$12/($E$10-1) -> -4802.4167 | J12: =$D$12/($E$10-1) -> -4802.4167 | O12: =-SUM(C12:M12) -> 57629 | P12: =D4+O12 -> 0
B13: Year 3 TI Spend | E13: =$E$4*$C$10 -> -76072.5 | F13: =$E$13/($E$10-1) -> -12678.75 | G13: =$E$13/($E$10-1) -> -12678.75 | H13: =$E$13/($E$10-1) -> -12678.75 | I13: =$E$13/($E$10-1) -> -12678.75 | J13: =$E$13/($E$10-1) -> -12678.75 | K13: =$E$13/($E$10-1) -> -12678.75 | O13: =-SUM(C13:M13) -> 152145 | P13: =E4+O13 -> 0
B14: Year 4 TI Spend | F14: =$F$4*$C$10 -> -23348 | G14: =$F$14/($E$10-1) -> -3891.3333 | H14: =$F$14/($E$10-1) -> -3891.3333 | I14: =$F$14/($E$10-1) -> -3891.3333 | J14: =$F$14/($E$10-1) -> -3891.3333 | K14: =$F$14/($E$10-1) -> -3891.3333 | L14: =$F$14/($E$10-1) -> -3891.3333 | O14: =-SUM(C14:M14) -> 46696 | P14: =F4+O14 -> 0
B15: Year 5 TI Spend | G15: =$G$4*$C$10 -> -9314.5 | H15: =$G$15/($E$10-1) -> -1552.4167 | I15: =$G$15/($E$10-1) -> -1552.4167 | J15: =$G$15/($E$10-1) -> -1552.4167 | K15: =$G$15/($E$10-1) -> -1552.4167 | L15: =$G$15/($E$10-1) -> -1552.4167 | M15: =$G$15/($E$10-1) -> -1552.4167 | O15: =-SUM(C15:M15) -> 18629 | P15: =G4+O15 -> 0
B16: Total TIs Depreciation | C16: =SUM(C11:C15)*IF(C8>$D$1,0,1) -> -18100 | D16: =SUM(D11:D15)*IF(D8>$D$1,0,1) -> -31831.167 | E16: =SUM(E11:E15)*IF(E8>$D$1,0,1) -> -83891.583 | F16: =SUM(F11:F15)*IF(F8>$D$1,0,1) -> -43845.833 | G16: =SUM(G11:G15)*IF(G8>$D$1,0,1) -> -33703.667 | H16: =SUM(H11:H15)*IF(H8>$D$1,0,1) -> 0 | I16: =SUM(I11:I15)*IF(I8>$D$1,0,1) -> 0 | J16: =SUM(J11:J15)*IF(J8>$D$1,0,1) -> 0 | ... M16: =SUM(M11:M15)*IF(M8>$D$1,0,1) -> 0 | O16: =SUM(O11:O15) -> 311299
B18: Capital Expenditures Depreciation On | E18: 7 | O18: =E18 -> 7 | P18: Check
B19: Year 1 Cap Ex Spend | C19: =$C$6/$E$18 -> -14771.429 | D19: =$C$6/$E$18 -> -14771.429 | E19: =$C$6/$E$18 -> -14771.429 | F19: =$C$6/$E$18 -> -14771.429 | G19: =$C$6/$E$18 -> -14771.429 | H19: =$C$6/$E$18 -> -14771.429 | I19: =$C$6/$E$18 -> -14771.429 | O19: =-SUM(C19:M19) -> 103400 | P19: =C6+O19 -> 0
B20: Year 2 Cap Ex Spend | D20: =$D$6/$E$18 -> -46223.571 | E20: =$D$6/$E$18 -> -46223.571 | F20: =$D$6/$E$18 -> -46223.571 | G20: =$D$6/$E$18 -> -46223.571 | H20: =$D$6/$E$18 -> -46223.571 | I20: =$D$6/$E$18 -> -46223.571 | J20: =$D$6/$E$18 -> -46223.571 | O20: =-SUM(C20:M20) -> 323565 | P20: =D6+O20 -> 0
B21: Year 3 Cap Ex Spend | E21: =$E$6/$E$18 -> -27274.143 | F21: =$E$6/$E$18 -> -27274.143 | G21: =$E$6/$E$18 -> -27274.143 | H21: =$E$6/$E$18 -> -27274.143 | I21: =$E$6/$E$18 -> -27274.143 | J21: =$E$6/$E$18 -> -27274.143 | K21: =$E$6/$E$18 -> -27274.143 | O21: =-SUM(C21:M21) -> 190919 | P21: =E6+O21 -> 0
B22: Year 4 Cap Ex Spend | F22: =$F$6/$E$18 -> -3563.8571 | G22: =$F$6/$E$18 -> -3563.8571 | H22: =$F$6/$E$18 -> -3563.8571 | I22: =$F$6/$E$18 -> -3563.8571 | J22: =$F$6/$E$18 -> -3563.8571 | K22: =$F$6/$E$18 -> -3563.8571 | L22: =$F$6/$E$18 -> -3563.8571 | O22: =-SUM(C22:M22) -> 24947 | P22: =F6+O22 -> 0
B23: Year 5 Cap Ex Spend | G23: =$G$6/$E$18 -> -1567.8571 | H23: =$G$6/$E$18 -> -1567.8571 | I23: =$G$6/$E$18 -> -1567.8571 | J23: =$G$6/$E$18 -> -1567.8571 | K23: =$G$6/$E$18 -> -1567.8571 | L23: =$G$6/$E$18 -> -1567.8571 | M23: =$G$6/$E$18 -> -1567.8571 | O23: =-SUM(C23:M23) -> 10975 | P23: =G6+O23 -> 0
B24: Total Cap Ex Depreciation | C24: =SUM(C19:C23)*IF(C8>$D$1,0,1) -> -14771.429 | D24: =SUM(D19:D23)*IF(D8>$D$1,0,1) -> -60995 | E24: =SUM(E19:E23)*IF(E8>$D$1,0,1) -> -88269.143 | F24: =SUM(F19:F23)*IF(F8>$D$1,0,1) -> -91833 | G24: =SUM(G19:G23)*IF(G8>$D$1,0,1) -> -93400.857 | H24: =SUM(H19:H23)*IF(H8>$D$1,0,1) -> 0 | I24: =SUM(I19:I23)*IF(I8>$D$1,0,1) -> 0 | J24: =SUM(J19:J23)*IF(J8>$D$1,0,1) -> 0 | ... M24: =SUM(M19:M23)*IF(M8>$D$1,0,1) -> 0 | O24: =SUM(O19:O23) -> 653806
B26: Total Annual Depreciation Expense | C26: =C16+C24 -> -32871.429 | D26: =D16+D24 -> -92826.167 | E26: =E16+E24 -> -172160.73 | F26: =F16+F24 -> -135678.83 | G26: =G16+G24 -> -127104.52 | H26: =H16+H24 -> 0 | I26: =I16+I24 -> 0 | J26: =J16+J24 -> 0 | ... M26: =M16+M24 -> 0 | O26: =-SUM(C26:M26) -> 560641.68
B28: Fill in the blue-shaded cells by following the instructions underneath the Figure in the textbook.
B29: Kathy Center Taxable Income Calculation Part 2a
C31: 1 | D31: 2 | E31: 3 | F31: 4 | G31: 5
B33: Before-Tax Levered Cash Flow | C33: ='Fig 5.15'!C17 -> 0 | D33: ='Fig 5.15'!D17 -> 0 | E33: ='Fig 5.15'!E17 -> 0 | F33: ='Fig 5.15'!F17 -> 0 | G33: ='Fig 5.15'!G17 -> 0
B35: Adjustments:
B36: Less: Depreciation (Purchase Price) | C36: =-'Fig 5.14'!C32 -> 0 | D36: =-'Fig 5.14'!D32 -> 0 | E36: =-'Fig 5.14'!E32 -> 0 | F36: =-'Fig 5.14'!F32 -> 0 | G36: =-'Fig 5.14'!G32 -> 0
B37: Less: Depreciation (TIs) | C37: =C16 -> -18100 | D37: =D16 -> -31831.167 | E37: =E16 -> -83891.583 | F37: =F16 -> -43845.833 | G37: =G16 -> -33703.667
B38: Less: Depreciation (Cap Ex) | C38: =C24 -> -14771.429 | D38: =D24 -> -60995 | E38: =E24 -> -88269.143 | F38: =F24 -> -91833 | G38: =G24 -> -93400.857
B39: Plus: TIs
B40: Plus: Leasing Commissions
B41: Plus: Cap Ex
B42: Plus: Principal Amortization

Sheet Fig 5.17
B2: Assumptions:
B3: Sale Year (end of year) | C3: 5
B4: Loan Points (paid at closing by equity) | C4: =-'Fig 5.15'!D8 -> -194000
B5: Years of Loan Points Amortization | C5: 7
B7: CAPITAL & LEASING COSTS | D7: Year 1 | E7: Year 2 | F7: Year 3 | G7: Year 4 | H7: Year 5
C8: Total
B9: Tenant Improvements | C9: =SUM(D9:H9) -> -311299 | D9: -36200 | E9: -57629 | F9: -152145 | G9: -46696 | H9: -18629
B10: Leasing Commissions | C10: =SUM(D10:H10) -> -205810 | D10: -12200 | E10: -41722 | F10: -107561 | G10: -25567 | H10: -18760
B11: Capital Expenditures | C11: =SUM(D11:H11) -> -653806 | D11: -103400 | E11: -323565 | F11: -190919 | G11: -24947 | H11: -10975
B13: Leasing Commissions Amortization Schedule Backup Detail | D13: 1 | E13: 2 | F13: 3 | G13: 4 | H13: 5 | I13: 6 | J13: 7 | K13: 8 | L13: 9 | M13: 10 | N13: 11
B15: Leasing Cost Amortization On | F15: 7 | P15: =F15 -> 7 | Q15: Check
B16: Year 1 Leasing Cost Spend | D16: =$D$10/$F$15 -> -1742.8571 | E16: =$D$10/$F$15 -> -1742.8571 | F16: =$D$10/$F$15 -> -1742.8571 | G16: =$D$10/$F$15 -> -1742.8571 | H16: =$D$10/$F$15 -> -1742.8571 | I16: =$D$10/$F$15 -> -1742.8571 | J16: =$D$10/$F$15 -> -1742.8571 | P16: =-SUM(D16:N16) -> 12200 | Q16: =D10+P16 -> 0
B17: Year 2 Leasing Cost Spend | E17: =$E$10/$F$15 -> -5960.2857 | F17: =$E$10/$F$15 -> -5960.2857 | G17: =$E$10/$F$15 -> -5960.2857 | H17: =$E$10/$F$15 -> -5960.2857 | I17: =$E$10/$F$15 -> -5960.2857 | J17: =$E$10/$F$15 -> -5960.2857 | K17: =$E$10/$F$15 -> -5960.2857 | P17: =-SUM(D17:N17) -> 41722 | Q17: =E10+P17 -> 0
B18: Year 3 Leasing Cost Spend | F18: =$F$10/$F$15 -> -15365.857 | G18: =$F$10/$F$15 -> -15365.857 | H18: =$F$10/$F$15 -> -15365.857 | I18: =$F$10/$F$15 -> -15365.857 | J18: =$F$10/$F$15 -> -15365.857 | K18: =$F$10/$F$15 -> -15365.857 | L18: =$F$10/$F$15 -> -15365.857 | P18: =-SUM(D18:N18) -> 107561 | Q18: =F10+P18 -> 0
B19: Year 4 Leasing Cost Spend | G19: =$G$10/$F$15 -> -3652.4286 | H19: =$G$10/$F$15 -> -3652.4286 | I19: =$G$10/$F$15 -> -3652.4286 | J19: =$G$10/$F$15 -> -3652.4286 | K19: =$G$10/$F$15 -> -3652.4286 | L19: =$G$10/$F$15 -> -3652.4286 | M19: =$G$10/$F$15 -> -3652.4286 | P19: =-SUM(D19:N19) -> 25567 | Q19: =G10+P19 -> 0
B20: Year 5 Leasing Cost Spend | H20: =$H$10/$F$15 -> -2680 | I20: =$H$10/$F$15 -> -2680 | J20: =$H$10/$F$15 -> -2680 | K20: =$H$10/$F$15 -> -2680 | L20: =$H$10/$F$15 -> -2680 | M20: =$H$10/$F$15 -> -2680 | N20: =$H$10/$F$15 -> -2680 | P20: =-SUM(D20:N20) -> 18760 | Q20: =H10+P20 -> 0
B21: Total Leasing Cost Amortization | D21: =SUM(D16:D20)*IF(D13>$C$3,0,1) -> -1742.8571 | E21: =SUM(E16:E20)*IF(E13>$C$3,0,1) -> -7703.1429 | F21: =SUM(F16:F20)*IF(F13>$C$3,0,1) -> -23069 | G21: =SUM(G16:G20)*IF(G13>$C$3,0,1) -> -26721.429 | H21: =SUM(H16:H20)*IF(H13>$C$3,0,1) -> -29401.429 | I21: =SUM(I16:I20)*IF(I13>$C$3,0,1) -> 0 | J21: =SUM(J16:J20)*IF(J13>$C$3,0,1) -> 0 | K21: =SUM(K16:K20)*IF(K13>$C$3,0,1) -> 0 | ... N21: =SUM(N16:N20)*IF(N13>$C$3,0,1) -> 0 | P21: =SUM(P16:P20) -> 205810
B22: Cumulative Cost | D22: =(D10+C22)*IF(D13>$C$3,0,1) -> -12200 | E22: =(E10+D22)*IF(E13>$C$3,0,1) -> -53922 | F22: =(F10+E22)*IF(F13>$C$3,0,1) -> -161483 | G22: =(G10+F22)*IF(G13>$C$3,0,1) -> -187050 | H22: =(H10+G22)*IF(H13>$C$3,0,1) -> -205810 | I22: =(I10+H22)*IF(I13>$C$3,0,1) -> 0 | J22: =(J10+I22)*IF(J13>$C$3,0,1) -> 0 | K22: =(K10+J22)*IF(K13>$C$3,0,1) -> 0 | ... N22: =(N10+M22)*IF(N13>$C$3,0,1) -> 0
B23: Cumulative Amortization | D23: =(C23+D21)*IF(D13>$C$3,0,1) -> -1742.8571 | E23: =(D23+E21)*IF(E13>$C$3,0,1) -> -9446 | F23: =(E23+F21)*IF(F13>$C$3,0,1) -> -32515 | G23: =(F23+G21)*IF(G13>$C$3,0,1) -> -59236.429 | H23: =(G23+H21)*IF(H13>$C$3,0,1) -> -88637.857 | I23: =(H23+I21)*IF(I13>$C$3,0,1) -> 0 | J23: =(I23+J21)*IF(J13>$C$3,0,1) -> 0 | K23: =(J23+K21)*IF(K13>$C$3,0,1) -> 0 | ... N23: =(M23+N21)*IF(N13>$C$3,0,1) -> 0
B24: Still Unamortized at Year-end | D24: =-D22+D23 -> 10457.143 | E24: =-E22+E23 -> 44476 | F24: =-F22+F23 -> 128968 | G24: =-G22+G23 -> 127813.57 | H24: =-H22+H23 -> 117172.14 | I24: =-I22+I23 -> 0 | J24: =-J22+J23 -> 0 | K24: =-K22+K23 -> 0 | ... N24: =-N22+N23 -> 0
B26: Loan Points Amortization Schedule Backup Detail | D26: 1 | E26: 2 | F26: 3 | G26: 4 | H26: 5 | I26: 6 | J26: 7
B28: Loan Points Amortization | D28: =$C$4/$C$5*IF(D26>$C$3,0,1) -> -27714.286 | E28: =$C$4/$C$5*IF(E26>$C$3,0,1) -> -27714.286 | F28: =$C$4/$C$5*IF(F26>$C$3,0,1) -> -27714.286 | G28: =$C$4/$C$5*IF(G26>$C$3,0,1) -> -27714.286 | H28: =$C$4/$C$5*IF(H26>$C$3,0,1) -> -27714.286 | I28: =$C$4/$C$5*IF(I26>$C$3,0,1) -> 0 | J28: =$C$4/$C$5*IF(J26>$C$3,0,1) -> 0
B29: Cumulative Amortization | D29: =(C29+D28)*IF(D26>$C$3,0,1) -> -27714.286 | E29: =(D29+E28)*IF(E26>$C$3,0,1) -> -55428.571 | F29: =(E29+F28)*IF(F26>$C$3,0,1) -> -83142.857 | G29: =(F29+G28)*IF(G26>$C$3,0,1) -> -110857.14 | H29: =(G29+H28)*IF(H26>$C$3,0,1) -> -138571.43 | I29: =(H29+I28)*IF(I26>$C$3,0,1) -> 0 | J29: =(I29+J28)*IF(J26>$C$3,0,1) -> 0
B30: Still Unamortized at Year-end | D30: =(-$C$4+D29)*IF(D26>$C$3,0,1) -> 166285.71 | E30: =(-$C$4+E29)*IF(E26>$C$3,0,1) -> 138571.43 | F30: =(-$C$4+F29)*IF(F26>$C$3,0,1) -> 110857.14 | G30: =(-$C$4+G29)*IF(G26>$C$3,0,1) -> 83142.857 | H30: =(-$C$4+H29)*IF(H26>$C$3,0,1) -> 55428.571 | I30: =(-$C$4+I29)*IF(I26>$C$3,0,1) -> 0 | J30: =(-$C$4+J29)*IF(J26>$C$3,0,1) -> 0
B31: Fill in the blue-shaded cells by following the instructions underneath the Figure in the textbook.
B32: Kathy Center Taxable Income Calculation Part 2b
D34: 1 | E34: 2 | F34: 3 | G34: 4 | H34: 5
C35: Total
B36: Before-Tax Levered Cash Flow | C36: =SUM(D36:H36) -> 0 | D36: ='Fig 5.15'!C17 -> 0 | E36: ='Fig 5.15'!D17 -> 0 | F36: ='Fig 5.15'!E17 -> 0 | G36: ='Fig 5.15'!F17 -> 0 | H36: ='Fig 5.15'!G17 -> 0
B38: Adjustments:
B39: Less: Depreciation (Purchase Price) | C39: =SUM(D39:H39) -> 0 | D39: ='Fig 5.16'!C36 -> 0 | E39: ='Fig 5.16'!D36 -> 0 | F39: ='Fig 5.16'!E36 -> 0 | G39: ='Fig 5.16'!F36 -> 0 | H39: ='Fig 5.16'!G36 -> 0
B40: Less: Depreciation (TIs) | C40: =SUM(D40:H40) -> -211372.25 | D40: ='Fig 5.16'!C37 -> -18100 | E40: ='Fig 5.16'!D37 -> -31831.167 | F40: ='Fig 5.16'!E37 -> -83891.583 | G40: ='Fig 5.16'!F37 -> -43845.833 | H40: ='Fig 5.16'!G37 -> -33703.667
B41: Less: Depreciation (Cap Ex) | C41: =SUM(D41:H41) -> -349269.43 | D41: ='Fig 5.16'!C38 -> -14771.429 | E41: ='Fig 5.16'!D38 -> -60995 | F41: ='Fig 5.16'!E38 -> -88269.143 | G41: ='Fig 5.16'!F38 -> -91833 | H41: ='Fig 5.16'!G38 -> -93400.857
B42: Plus: TIs | C42: =SUM(D42:H42) -> 0 | D42: ='Fig 5.16'!C39 -> 0 | E42: ='Fig 5.16'!D39 -> 0 | F42: ='Fig 5.16'!E39 -> 0 | G42: ='Fig 5.16'!F39 -> 0 | H42: ='Fig 5.16'!G39 -> 0
B43: Plus: Leasing Commissions | C43: =SUM(D43:H43) -> 0 | D43: ='Fig 5.16'!C40 -> 0 | E43: ='Fig 5.16'!D40 -> 0 | F43: ='Fig 5.16'!E40 -> 0 | G43: ='Fig 5.16'!F40 -> 0 | H43: ='Fig 5.16'!G40 -> 0
B44: Plus: Cap Ex | C44: =SUM(D44:H44) -> 0 | D44: ='Fig 5.16'!C41 -> 0 | E44: ='Fig 5.16'!D41 -> 0 | F44: ='Fig 5.16'!E41 -> 0 | G44: ='Fig 5.16'!F41 -> 0 | H44: ='Fig 5.16'!G41 -> 0
B45: Plus: Principal Amortization | C45: =SUM(D45:H45) -> 0 | D45: ='Fig 5.16'!C42 -> 0 | E45: ='Fig 5.16'!D42 -> 0 | F45: ='Fig 5.16'!E42 -> 0 | G45: ='Fig 5.16'!F42 -> 0 | H45: ='Fig 5.16'!G42 -> 0
B46: Less: Leasing Commissions Amortization | C46: =SUM(D46:H46) -> 0
B47: Less: Loan Points Amortization | C47: =SUM(D47:H47) -> 0
B49: Taxable Income | D49: =SUM(D36,D39:D47) -> -32871.429 | E49: =SUM(E36,E39:E47) -> -92826.167 | F49: =SUM(F36,F39:F47) -> -172160.73 | G49: =SUM(G36,G39:G47) -> -135678.83 | H49: =SUM(H36,H39:H47) -> -127104.52

Sheet Fig 5.18
B2: Assumptions:
B3: Sale Year (end of year) | C3: 5
B4: Loan Points | C4: ='Fig 5.17'!C4 -> -194000
B5: Years of Loan Points Amortization | C5: 7
B6: Income Tax Rate | C6: 0.21
B8: Suspended Tax Loss Detail Backup | D8: 1 | E8: 2 | F8: 3 | G8: 4 | H8: 5
B9: Beginning of Period Balance * | D9: =C12 -> 0 | E9: =D12 -> 0 | F9: =E12 -> 0 | G9: =F12 -> 0 | H9: =G12 -> 0
B10: Plus: Annual Losses | D10: =IF(D31<0,D31,0) -> 0 | E10: =IF(E31<0,E31,0) -> 0 | F10: =IF(F31<0,F31,0) -> 0 | G10: =IF(G31<0,G31,0) -> 0 | H10: =IF(H31<0,H31,0) -> 0
B11: Less: Application of Suspended Losses * | D11: =IF(D8<>$C$3,IF(AND(D9<0,D31>0),MIN(-D9,D31),0),-D9)*IF(D8>$C$3,0,1) -> 0 | E11: =IF(E8<>$C$3,IF(AND(E9<0,E31>0),MIN(-E9,E31),0),-E9)*IF(E8>$C$3,0,1) -> 0 | F11: =IF(F8<>$C$3,IF(AND(F9<0,F31>0),MIN(-F9,F31),0),-F9)*IF(F8>$C$3,0,1) -> 0 | G11: =IF(G8<>$C$3,IF(AND(G9<0,G31>0),MIN(-G9,G31),0),-G9)*IF(G8>$C$3,0,1) -> 0 | H11: =IF(H8<>$C$3,IF(AND(H9<0,H31>0),MIN(-H9,H31),0),-H9)*IF(H8>$C$3,0,1) -> 0
B12: End of Period Balance * | D12: =SUM(D9:D11) -> 0 | E12: =SUM(E9:E11) -> 0 | F12: =SUM(F9:F11) -> 0 | G12: =SUM(G9:G11) -> 0 | H12: =SUM(H9:H11) -> 0
B13: * Negative values in the Balance lines indicate there are deferred income tax loss amounts that can be applied. In the year of sale, if there is a Beginning of Period Balance, the entire balance will be applied.
B14: Fill in the blue-shaded cells by following the instructions underneath the Figure in the textbook.
B15: Kathy Center After-Tax Cash Flow
D17: 1 | E17: 2 | F17: 3 | G17: 4 | H17: 5
C18: Total
B19: Before-Tax Levered Cash Flow | C19: =SUM(D19:H19) -> 0 | D19: ='Fig 5.15'!C17 -> 0 | E19: ='Fig 5.15'!D17 -> 0 | F19: ='Fig 5.15'!E17 -> 0 | G19: ='Fig 5.15'!F17 -> 0 | H19: ='Fig 5.15'!G17 -> 0
B21: Adjustments:
B22: Less: Depreciation (Purchase Price) | C22: =SUM(D22:H22) -> 0 | D22: ='Fig 5.17'!D39 -> 0 | E22: ='Fig 5.17'!E39 -> 0 | F22: ='Fig 5.17'!F39 -> 0 | G22: ='Fig 5.17'!G39 -> 0 | H22: ='Fig 5.17'!H39 -> 0
B23: Less: Depreciation (TIs) | C23: =SUM(D23:H23) -> -211372.25 | D23: ='Fig 5.17'!D40 -> -18100 | E23: ='Fig 5.17'!E40 -> -31831.167 | F23: ='Fig 5.17'!F40 -> -83891.583 | G23: ='Fig 5.17'!G40 -> -43845.833 | H23: ='Fig 5.17'!H40 -> -33703.667
B24: Less: Depreciation (Cap Ex) | C24: =SUM(D24:H24) -> -349269.43 | D24: ='Fig 5.17'!D41 -> -14771.429 | E24: ='Fig 5.17'!E41 -> -60995 | F24: ='Fig 5.17'!F41 -> -88269.143 | G24: ='Fig 5.17'!G41 -> -91833 | H24: ='Fig 5.17'!H41 -> -93400.857
B25: Less: Leasing Commissions Amortization | C25: =SUM(D25:H25) -> 0 | D25: ='Fig 5.17'!D46 -> 0 | E25: ='Fig 5.17'!E46 -> 0 | F25: ='Fig 5.17'!F46 -> 0 | G25: ='Fig 5.17'!G46 -> 0 | H25: ='Fig 5.17'!H46 -> 0
B26: Less: Loan Points Amortization | C26: =SUM(D26:H26) -> 0 | D26: ='Fig 5.17'!D47 -> 0 | E26: ='Fig 5.17'!E47 -> 0 | F26: ='Fig 5.17'!F47 -> 0 | G26: ='Fig 5.17'!G47 -> 0 | H26: ='Fig 5.17'!H47 -> 0
B27: Plus: TIs | C27: =SUM(D27:H27) -> 0 | D27: ='Fig 5.17'!D42 -> 0 | E27: ='Fig 5.17'!E42 -> 0 | F27: ='Fig 5.17'!F42 -> 0 | G27: ='Fig 5.17'!G42 -> 0 | H27: ='Fig 5.17'!H42 -> 0
B28: Plus: Leasing Commissions | C28: =SUM(D28:H28) -> 0 | D28: ='Fig 5.17'!D43 -> 0 | E28: ='Fig 5.17'!E43 -> 0 | F28: ='Fig 5.17'!F43 -> 0 | G28: ='Fig 5.17'!G43 -> 0 | H28: ='Fig 5.17'!H43 -> 0
B29: Plus: Cap Ex | C29: =SUM(D29:H29) -> 0 | D29: ='Fig 5.17'!D44 -> 0 | E29: ='Fig 5.17'!E44 -> 0 | F29: ='Fig 5.17'!F44 -> 0 | G29: ='Fig 5.17'!G44 -> 0 | H29: ='Fig 5.17'!H44 -> 0
B30: Plus: Principal Amortization | C30: =SUM(D30:H30) -> 0 | D30: ='Fig 5.17'!D45 -> 0 | E30: ='Fig 5.17'!E45 -> 0 | F30: ='Fig 5.17'!F45 -> 0 | G30: ='Fig 5.17'!G45 -> 0 | H30: ='Fig 5.17'!H45 -> 0
B31: Taxable Income (Loss) | C31: =SUM(D31:H31) -> 0
B32: Less: Application of Suspended Losses | C32: =SUM(D32:H32) -> 0 | D32: =-D11 -> 0 | E32: =-E11 -> 0 | F32: =-F11 -> 0 | G32: =-G11 -> 0 | H32: =-H11 -> 0
B33: Net Taxable Income (Loss) | C33: =SUM(D33:H33) -> 0
B34: Less: Income Tax Liability * | C34: =SUM(D34:H34) -> 0 | D34: =IF(D33<=0,0,-$C$6*D33) -> 0 | E34: =IF(E33<=0,0,-$C$6*E33) -> 0 | F34: =IF(F33<=0,0,-$C$6*F33) -> 0 | G34: =IF(G33<=0,0,-$C$6*G33) -> 0 | H34: =IF(H33<=0,0,-$C$6*H33) -> 0
B35: Plus: Depreciation (Purchase Price) | C35: =SUM(D35:H35) -> 0 | D35: =-D22 -> 0 | E35: =-E22 -> 0 | F35: =-F22 -> 0 | G35: =-G22 -> 0 | H35: =-H22 -> 0
B36: Plus: Depreciation (TIs) | C36: =SUM(D36:H36) -> 211372.25 | D36: =-D23 -> 18100 | E36: =-E23 -> 31831.167 | F36: =-F23 -> 83891.583 | G36: =-G23 -> 43845.833 | H36: =-H23 -> 33703.667
B37: Plus: Depreciation (Cap Ex) | C37: =SUM(D37:H37) -> 349269.43 | D37: =-D24 -> 14771.429 | E37: =-E24 -> 60995 | F37: =-F24 -> 88269.143 | G37: =-G24 -> 91833 | H37: =-H24 -> 93400.857
B38: Plus: Leasing Commissions Amortization | C38: =SUM(D38:H38) -> 0 | D38: =-D25 -> 0 | E38: =-E25 -> 0 | F38: =-F25 -> 0 | G38: =-G25 -> 0 | H38: =-H25 -> 0
B39: Plus: Loan Points Amortization | C39: =SUM(D39:H39) -> 0 | D39: =-D26 -> 0 | E39: =-E26 -> 0 | F39: =-F26 -> 0 | G39: =-G26 -> 0 | H39: =-H26 -> 0
B40: Less: TIs | C40: =SUM(D40:H40) -> 0 | D40: =-D27 -> 0 | E40: =-E27 -> 0 | F40: =-F27 -> 0 | G40: =-G27 -> 0 | H40: =-H27 -> 0
B41: Less: Leasing Commissions | C41: =SUM(D41:H41) -> 0 | D41: =-D28 -> 0 | E41: =-E28 -> 0 | F41: =-F28 -> 0 | G41: =-G28 -> 0 | H41: =-H28 -> 0
B42: Less: Cap Ex | C42: =SUM(D42:H42) -> 0 | D42: =-D29 -> 0 | E42: =-E29 -> 0 | F42: =-F29 -> 0 | G42: =-G29 -> 0 | H42: =-H29 -> 0
B43: Less: Principal Amortization | C43: =SUM(D43:H43) -> 0 | D43: =-D30 -> 0 | E43: =-E30 -> 0 | F43: =-F30 -> 0 | G43: =-G30 -> 0 | H43: =-H30 -> 0
B44: After-Tax Cash Flow | C44: =SUM(D44:H44) -> 0
B45: * Note: Profit-making real estate properties without a tax shelter must pay income taxes annually. In this example, losses are sustained in years 1 through 3, and income is fully sheltered in year 4 from suspended loss carry-forward. Year 5 is a loss-making year, and in addition, all unutilized deferred losses are applied as this writing off of all remaining losses is allowed in the year of sale. Consequently, income tax liability is $0 in all years shown, and before and after-tax cash flows in each year are equal to one another.
B49: Check on After-Tax Cash Flow calculation: ^ | D49: =SUM(D33:D43) +IF(AND(D31>0,ABS(D32)>0,D31<>ABS(D32)),ABS(D32),0) +IF(D31=-D32,D31) -IF(AND(D31<0,D32<0),D32,0) -> 32871.429 | E49: =SUM(E33:E43) +IF(AND(E31>0,ABS(E32)>0,E31<>ABS(E32)),ABS(E32),0) +IF(E31=-E32,E31) -IF(AND(E31<0,E32<0),E32,0) -> 92826.167 | F49: =SUM(F33:F43) +IF(AND(F31>0,ABS(F32)>0,F31<>ABS(F32)),ABS(F32),0) +IF(F31=-F32,F31) -IF(AND(F31<0,F32<0),F32,0) -> 172160.73 | G49: =SUM(G33:G43) +IF(AND(G31>0,ABS(G32)>0,G31<>ABS(G32)),ABS(G32),0) +IF(G31=-G32,G31) -IF(AND(G31<0,G32<0),G32,0) -> 135678.83 | H49: =SUM(H33:H43) +IF(AND(H31>0,ABS(H32)>0,H31<>ABS(H32)),ABS(H32),0) +IF(H31=-H32,H31) -IF(AND(H31<0,H32<0),H32,0) -> 127104.52
D50: =D49-D44 -> 32871.429 | E50: =E49-E44 -> 92826.167 | F50: =F49-F44 -> 172160.73 | G50: =G49-G44 -> 135678.83 | H50: =H49-H44 -> 127104.52
B52: ^ In performing this check, we start with Net Taxable Income, which reflects Application of any Suspended Losses (i.e., a reduction of Net Taxable Income). As such, in those years where Taxable Income is positive and a Suspended Loss is applied (reducing Net Taxable Income in part, or reducing it in full, making it = 0): - If the amount of the Suspended Loss applied is less than the Taxable Income (i.e., only partial tax sheltering is achieved), we must add back just the Suspended Loss amount applied to get to After-Tax Cash Flow. - If the amount of the Suspended Loss applied is equal to the Taxable Income (i.e., full tax sheltering is achieved), then we must add back the full Taxable Income amount to get to After-Tax Cash Flow. If there is a loss made in the year (i.e., Taxable Income is negative), and there are Suspended Losses applied, add back the Suspended Loss amount applied to get to After-Tax Cash Flow. We note that this situation would only occur in the year of sale, as if there is a loss in a non-sale year, tax liability will be 0.
B66: Made positive for graphing:
B67: Income Tax Liability | D67: =-E34 -> 0 | E67: =-F34 -> 0 | F67: =-G34 -> 0 | G67: =-H34 -> 0 | H67: =-I34 -> 0

Sheet Fig 5.19
B2: Assumptions:
B3: Interest Rate | D3: 0.12
B4: Tax Bracket Rate | D4: 0.5
B5: Tax Shelter Sale Rate | D5: 0.9
B7: Leslie Heights Investment With Pre-1986 Tax Shelters
B9: Purchase Price | D9: 100000000
B11: Interest Payment Calculation
B12: Debt | D12: 90000000
B13: Interest Rate | D13: 0.12
B14: Interest Payment | D14: =D12*D13 -> 10800000
B16: Taxable Income Calculation
B17: NOI | D17: 9000000
B18: Depreciation | D18: -8000000
B19: Interest | D19: =-D14 -> -10800000
B20: Taxable Income | D20: =SUM(D17:D19) -> -9800000
B22: Excess Tax Shelter Calculation
B23: Taxable Income | D23: =D20 -> -9800000
B24: Tax Bracket Rate | D24: =D4 -> 0.5
B25: Value | D25: =-D24*D23 -> 4900000
B27: Cash Flow from Operation
B28: NOI | D28: =D17 -> 9000000
B29: Cap Ex | D29: -2000000
B30: Interest | D30: =D19 -> -10800000
B31: Tax Shelter Sales (90 cents on the $) | D31: =+D25*D5 -> 4410000
B32: Net Cash Flow from Operation | D32: =SUM(D28:D31) -> 610000

Sheet Fig 5.20
B2: Leslie Heights Return on Equity Calculation
B4: Property Sale Net Cash Flow
B6: Proceeds from Sale (property grows at inflation: 100*1.1^3) | F6: 133000000
B7: Debt Payment | F7: -90000000
B8: Net Cash Flow from Sale | F8: =+F6+F7 -> 43000000
B10: Developer's Cash Outflows and Inflows
C11: 0 | D11: 1 | E11: 2 | F11: 3
B13: Purchase Price | C13: -10000000
B14: Net Cash Flow from Operations | D14: ='Fig 5.19'!D32 -> 610000 | E14: =$D$14 -> 610000 | F14: =$D$14 -> 610000
B15: Net Cash Flow from Sale | F15: 43000000
B16: Total Net Cash Flow | C16: =+SUM(C13:C15) -> -10000000 | D16: =+SUM(D13:D15) -> 610000 | E16: =+SUM(E13:E15) -> 610000 | F16: =+SUM(F13:F15) -> 43610000
B18: Net Cash Flow: | C18: =SUM(C16:F16) -> 34830000
B19: Equity IRR: | C19: =+IRR(C16:F16) -> 0.66697414

Sheet Fig 5.21
B2: Assumptions:
B3: Interest Rate | D3: 0.12
B4: Tax Bracket Rate | D4: 0.5
B5: Tax Shelter Sale Rate | D5: 0.9
B7: Leslie Heights Investment With Pre-1986 Tax Shelters | G7: Leslie Heights Investment Post-1986 Tax Law Change
B9: Purchase Price | D9: 100000000 | G9: Purchase Price | I9: 100000000
B11: Interest Payment Calculation | G11: Interest Payment Calculation
B12: Debt | D12: 90000000 | G12: Debt | I12: 90000000
B13: Interest Rate | D13: 0.12 | G13: Interest Rate | I13: 0.12
B14: Interest Payment | D14: =D12*D13 -> 10800000 | G14: Interest Payment | I14: =I12*I13 -> 10800000
B16: Taxable Income Calculation | G16: Taxable Income Calculation
B17: NOI | D17: 9000000 | G17: NOI | I17: 9000000
B18: Depreciation | D18: -8000000 | G18: Depreciation | I18: -4000000
B19: Interest | D19: =-D14 -> -10800000 | G19: Interest | I19: =-I14 -> -10800000
B20: Taxable Income | D20: =SUM(D17:D19) -> -9800000 | G20: Taxable Income | I20: =SUM(I17:I19) -> -5800000
B22: Excess Tax Shelter Calculation | G22: (Tax losses no longer apply)
B23: Taxable Income | D23: =D20 -> -9800000
B24: Tax Bracket Rate | D24: =D4 -> 0.5
B25: Value | D25: =-D24*D23 -> 4900000
B27: Cash Flow from Operation | G27: Cash Flow from Operation
B28: NOI | D28: =D17 -> 9000000 | G28: NOI | I28: =I17 -> 9000000
B29: Cap Ex | D29: -2000000 | G29: Cap Ex | I29: -2000000
B30: Interest | D30: =D19 -> -10800000 | G30: Interest | I30: =I19 -> -10800000
B31: Tax Shelter Sales (90 cents on the $) | D31: =+D25*D5 -> 4410000 | G31: Tax Shelter Sales - Not Applicable | I31: 0
B32: Net Cash Flow from Operation | D32: =SUM(D28:D31) -> 610000 | G32: Net Cash Flow from Operation | I32: =SUM(I28:I31) -> -3800000
